AoeStats
← dollabillzz_billyGOAT

Nomad

508987927Analyzed
3v3 RM · 9d ago on Sep 25, 2026· 44m 49s· 6 players
Game mode
Random Map
Map size
210×210
Population
200
Speed
Normal
Resources
Standard
Victory
Conquest
Starting age
Dark Age
Ending age
Imperial Age
RankedLock teamsTeams togetherTeam positionsShared explorationLock speedFull tech treeHidden civsTurbo modeCheats
Victory
Defeat
🇺🇸 Bohemians · United States
821
+14
🇺🇸 Britons · United States
805
+15
🇺🇸 Magyars · United States
720
+19
🇨🇴 Persians · Colombia
788
-40
🇨🇱 Ethiopians · Chile
780
-16
🇨🇱 Spanish · Chile
772
-16
Jaimeka 3K
5:32 Loom
18:15 Feudal Age
19:34 Wheelbarrow
18:47 Double-Bit Axe
20:33 Horse Collar
28:41 Castle Age
27:02 Stone Mining
27:04 Gold Mining
28:48 Crossbowman
32:28 Heavy Plow
33:42 Gold Shaft Mining
34:33 Scale Mail Armor
34:43 Forging
38:31 Imperial Age
37:00 Hand Cart
38:12 Stone Shaft Mining
37:49 Bow Saw
40:45 Fletching
40:55 Padded Archer Armor
41:58 Chemistry
Macrazy8238
TheSeb
5:31 Loom
18:10 Feudal Age
19:39 Man-at-Arms
23:48 Forging
23:39 Scale Mail Armor
24:41 Wheelbarrow
34:11 Castle Age
32:55 Gold Mining
32:57 Stone Mining
33:07 Double-Bit Axe
35:23 Bow Saw
37:22 Scale Barding Armor
41:07 Chain Barding Armor
41:23 Iron Casting
dollabillzz_billyGOAT
4:42 Loom
16:20 Feudal Age
17:00 Double-Bit Axe
16:59 Horse Collar
17:56 Wheelbarrow
17:13 Fishing Lines
27:26 Castle Age
25:37 Stone Mining
27:32 Gold Mining
28:38 Bow Saw
32:03 Heavy Plow
32:27 Hand Cart
32:59 Corvinian Army
34:19 Bloodlines
34:10 Husbandry
34:25 Scale Barding Armor
34:12 Fletching
35:03 Gillnets
36:12 Gold Shaft Mining
41:11 Imperial Age
38:29 Town Watch
41:01 Chain Barding Armor
40:37 Bodkin Arrow
40:55 Pikeman
42:38 Hoardings
42:24 Conscription
42:00 Elite Magyar Huszar
43:43 Murder Holes
44:09 Ballistics
43:55 Siege Engineers
Thejrb4
16:21 Feudal Age
18:17 Wheelbarrow
22:09 Castle Age
23:47 Man-at-Arms
24:48 Loom
33:56 Fishing Lines
34:55 Wheelbarrow
34:06 Horse Collar
40:30 Heavy Plow
40:16 Double-Bit Axe
41:36 Wagenburg Tactics
41:52 Murder Holes
43:36 Fletching
jebatey94
12:08 Feudal Age
12:55 Loom
13:07 Double-Bit Axe
13:19 Gold Mining
18:48 Wheelbarrow
24:50 Fletching
28:16 Castle Age
29:55 Bodkin Arrow
33:40 Gold Shaft Mining
33:24 Stone Mining
35:51 Padded Archer Armor
36:35 Hand Cart
38:52 Crossbowman
41:14 Padded Archer Armor
44:17 Ballistics
Connection lost

Rejoining the realm…

Still unreachable

The connection could not be restored.

Session expired

The server has moved on; the page needs a fresh start.